 Dungeon Sprint DCSS version 0.18-a0-1347-gb9e2fb4 (webtiles) character file.

9 Kidiri the Sneak (level 2, -3/14 HPs)
             Began as a Spriggan Enchanter on Feb 17, 2016.
             Slain by a crocodile (17 damage)
             ... in the Dungeon (Sprint II: "The Violet Keep of Menkaure").
             The game lasted 00:00:34 (28 turns).

Kidiri the Sneak (Spriggan Enchanter)                 Turns: 28, Time: 00:00:34

Health: -3/14      AC:  3    Str:  4    XL:     2   Next: 6%
Magic:  3/7        EV: 19    Int: 16    God:
Gold:   0          SH:  0    Dex: 16    Spells: 2 memorised, 4 levels left

rFire  . . .     SeeInvis +     a - +1 dagger
rCold  . . .     Gourm    .     b - +1 robe
rNeg   . . .     Faith    .     (shield restricted)
rPois  .         Spirit   .     (helmet restricted)
rElec  .         Dismiss  .     (no cloak)
rCorr  .         Reflect  .     (gloves unavailable)
SustAt .         Harm     .     (boots unavailable)
MR     .....     NoTele   +     (no amulet)
Stlth  ++++......               (no ring)
                                (no ring)

@: very slightly contaminated, very quick, not resistant to hostile
enchantments, stealthy
A: unfitting armour, see invisible, herbivore 3, speed 3, slow metabolism 2
a: no special abilities


You were in the Dungeon.
You were not hungry.

You visited 1 branch

Inventory:

Hand Weapons
 a - a +1 dagger (weapon)
Armour
 b - a +1 robe (worn)
Scrolls
 j - a scroll of blinking
Potions
 e - a potion of curing
 f - a potion of heal wounds
 g - a potion of haste
 h - 2 potions of magic
 i - a potion of berserk rage
Books
 c - a book of Maledictions

   Spells                             Type                      Level
   a - Corona                         Hexes                        1
   b - Ensorcelled Hibernation        Hexes/Ice                    2
   c - Confuse                        Hexes                        3
   d - Tukima's Dance                 Hexes                        3
   e - Dazzling Spray                 Conjuration/Hexes            3
Comestibles
 d - a bread ration


   Skills:
 + Level 0.5 Fighting
 * Level 1.9 Short Blades
 + Level 0.4 Armour
 * Level 4.0 Dodging
 * Level 5.6 Stealth
 * Level 3.1 Spellcasting
 + Level 3.9 Hexes
 + Level 0.0 Ice Magic


You had 4 spell levels left.
You knew the following spells:

 Your Spells              Type           Power        Failure   Level  Hunger
a - Corona                Hex            ###....      4%          1    #......
b - Ensorcelled Hibernat  Hex/Ice        #.....       14%         2    ##.....


Dungeon Overview and Level Annotations

Branches:
Dungeon (1/1)

Altars:


Innate Abilities, Weirdness & Mutations

You are tiny and cannot use many weapons and most armour.
You have supernaturally acute eyesight.
You are an herbivore.
You cover ground extremely quickly.
You need consume almost no food.


Message History

You start memorising the spell.
You continue memorising. x2
You finish memorising.
Spell assigned to 'b'.
There is an open door here.
Unknown command.
Cast which spell? (? or * to list)
Aiming: Ensorcelled Hibernation
Press: ? - help, Shift-Dir - straight line, f - crocodile
Aim: a crocodile (severely wounded, chance to defeat MR: 39%)
You miscast Ensorcelled Hibernation.
You are very lightly contaminated with residual magic.
The light around you dims momentarily. The crocodile completely misses you.
There is an open door here.
Casting: Ensorcelled Hibernation
Confirm with . or Enter, or press ? or * to list all spells.
Aiming: Ensorcelled Hibernation
Press: ? - help, Shift-Dir - straight line, f/p - crocodile
Aim: a crocodile (severely wounded, chance to defeat MR: 39%)
The crocodile resists with some effort.
The crocodile bites you!
Ouch! That really hurt!
You die...

## ## ##. .##
### nn nn ..# #
.#. ###..## #3
#+###.##..#
#.##.##...#..#
#+.<.'$##@..###
###.####.#t...#
#+#
#†##....§.≈≈
.#. ##
≈≈...§.≈# .B B.
≈≈§≈≈≈..≈# ##.
$##≈≈≈§≈≈§≈.≈#
##
##≈≈≈§§§≈≈≈≈≈#
≈≈≈≈§§§≈≈≈≈≈#
+++#≈§ ≈≈≈≈≈≈#


You could see a crocodile.

Vanquished Creatures
  3 worms (D)
3 creatures vanquished.

Notes
Turn   | Place    | Note
--------------------------------------------------------------
     0 | D        | Kidiri the Spriggan Enchanter began the quest for the Orb.
     0 | D        | Reached XP level 1. HP: 9/9 MP: 5/5
     1 | D        | Noticed a necrophage
     1 | D        | Noticed a necrophage
     1 | D        | Noticed a necrophage
     1 | D        | Noticed a necrophage
     4 | D        | Noticed a neqoxec
     7 | D        | Noticed a boulder beetle
     7 | D        | Noticed a boulder beetle
    13 | D        | Reached skill level 5 in Stealth
    17 | D        | Noticed a crocodile
    20 | D        | Reached XP level 2. HP: 14/14 MP: 7/7
    24 | D        | Learned a level 2 spell: Ensorcelled Hibernation
    28 | D        | Slain by a crocodile

Vault maps used:
D:        the_violet_keep_of_menkaure

Action                   || total
-------------------------++-------
Melee: Dagger            ||     3
 Cast: Ensorcelled Hiber ||     1
 Stab: Sleeping          ||     3
